 Dungeon Crawl Stone Soup version 0.30.1-1-g62c8e00024 (webtiles) character file.

Game seed: 13183248768464403030

1242 tizbic2 the Cleaver (level 8, -1/70 HPs)
             Began as a Hill Orc Warper on July 16, 2023.
             Was an Elder of Cheibriados.
             Slain by Pikel
             ... wielding a +2 whip of freezing
              (9 damage)
             ... on level 7 of the Dungeon.
             The game lasted 00:20:41 (4901 turns).

tizbic2 the Cleaver (Hill Orc Warper)               Turns: 4901, Time: 00:20:42

Health: -1/70      AC: 12    Str: 26    XL:     8   Next: 49%
Magic:  0/11       EV:  5    Int: 23    God:    Cheibriados [****..]
Gold:   445        SH:  0    Dex: 26    Spells: 10/10 levels left

rFire   . . .        F - +0 broad axe
rCold   . . .        z - orb {light}
rNeg    . . .        j - +0 plate armour
rPois   .            (no helmet)
rElec   .            y - +1 cloak
rCorr   .            (no gloves)
SInv    +            (no boots)
Will    .....        H - amulet of guardian spirit Stlth
                     q - +6 ring of dexterity
HPRegen 0.31/turn    x - ring of see invisible
MPRegen 0.12/turn

%: guardian spirit
@: grasped by roots, glowing, constricted, very slow
A: no striking features
a: Renounce Religion, Bend Time, Temporal Distortion, Slouch


You were on level 7 of the Dungeon.
You worshipped Cheibriados.
Cheibriados was greatly pleased with you.
You visited 2 branches of the dungeon, and saw 8 of its levels.

You collected 445 gold pieces.

Inventory:

Hand Weapons
 a - a +1 hand axe
 p - a +1 whip of electrocution
 F - a +0 broad axe (weapon)
Missiles
 d - 6 boomerangs of dispersal (quivered)
 l - 10 poisoned darts
 r - a throwing net
 J - 2 datura-tipped darts
Armour
 j - a +0 plate armour (worn)
 o - a +1 ring mail
 y - a +1 cloak (worn)
 z - an orb of light (worn)
Magical Staves
 B - a staff of poison
Jewellery
 q - a +6 ring of dexterity (left hand)
 t - a ring of positive energy
 w - a ring of fire
 x - a ring of see invisible (right hand)
 H - an amulet of guardian spirit (around neck)
Wands
 v - a wand of polymorph (7)
 I - a wand of flame (26)
Scrolls
 b - 2 scrolls of magic mapping
 c - a scroll of blinking
 n - a scroll of fog
 u - 4 scrolls of amnesia
 C - a scroll of identify
 D - 2 scrolls of vulnerability
 E - a scroll of immolation
Potions
 e - 2 potions of resistance
 f - 6 potions of lignification
 g - a potion of ambrosia
 h - a potion of brilliance
 i - a potion of haste
 k - 2 potions of flight
 m - 2 potions of heal wounds
 s - 2 potions of curing
 A - a potion of attraction
 G - a potion of mutation


   Skills:
 + Level 6.0 Fighting
 * Level 9.1 Axes
 - Level 0.8 Throwing
 - Level 1.1 Armour
 - Level 1.5 Dodging
 - Level 1.5 Spellcasting
 + Level 4.0 Translocations
 + Level 5.3 Invocations


You had 10 spell levels left.
You didn't know any spells.
Your spell library contained the following spells:

 Spells                   Type           Power      Damage    Failure   Level
 Blink                    Tloc           40%        N/A       54%         2
 Lesser Beckoning         Tloc           40%        N/A       54%         2
 Gell's Gravitas          Tloc           20%        N/A       77%         3
 Teleport Other           Tloc           20%        N/A       77%         3
 Vhi's Electric Charge    Tloc/Air       22%        N/A       96%         3
 Cigotuvi's Dreadful Rot  Necr/Pois/Air  2%         N/A       98%         2
 Manifold Assault         Tloc           20%        N/A       99%         4
 Summon Guardian Golem    Hex/Summ       1%         N/A       100%        3
 Animate Armour           Summ/Erth      2%         N/A       100%        4
 Dispel Undead            Necr           1%         3d6       100%        4
 Blade Hands              Tmut           0%         N/A       100%        5
 Death Channel            Necr           0%         N/A       100%        6
 Iron Shot                Conj/Erth      0%         9d1       100%        6
 Orb of Destruction       Conj           0%         9d5       100%        7
 Spellforged Servitor     Conj/Summ      0%         N/A       100%        7


Dungeon Overview and Level Annotations

Branches:
Dungeon (7/15)             Temple (1/1) D:6

Altars:
Ashenzari
Cheibriados
Fedhas
Hepliaklqana
Kikubaaqudgha
Nemelex Xobeh
Okawaru

Shops:
D:5 [

Annotations:
D:7 Pikel


Message History

Pikel is lightly wounded.
You hit the lemure but do no damage.
A vampire bat comes into view.
A bat comes into view.
Pikel barely misses you. The grasping roots constrict you.
You hit Pikel.
Pikel is moderately wounded.
You hit the lemure but do no damage. x2; The lemure hits you.
The lemure hits you but does no damage. Pikel hits you but does no damage.
The grasping roots constrict you.
Unknown command.
You barely miss Pikel.
Pikel is moderately wounded.
You slash the vampire bat!
You destroy the vampire bat!
Cheibriados thoroughly appreciates the change of pace.
You slash the lemure! You barely miss the lemure.
A bat comes into view.
The lemure barely misses you. The lemure hits you but does no damage.
Pikel hits you with a +2 whip of freezing.
Pikel freezes you.
* * * LOW HITPOINT WARNING * * *
The grasping roots constrict you.
* * * LOW HITPOINT WARNING * * *
The bat moves out of view.
The grasping roots release their grip on you.
Your Fighting skill increases to level 6!
You slash Pikel!
Pikel is heavily wounded.
You hit the lemure. You closely miss the lemure. The bat closely misses you.
The lemure closely misses you. The lemure hits you.
* * * LOW HITPOINT WARNING * * *
Pikel zaps a wand.
The roots erupt in riotous growth!
The grasping roots grab you!
The lemure is unaffected. x2; Pikel is unaffected.
The bat is unaffected.
The grasping roots constrict you!
* * * LOW HITPOINT WARNING * * *
The bat hits you but does no damage. The lemure barely misses you.
The lemure closely misses you.
Pikel hits you with a +2 whip of freezing!
You die...

.#..# ..# .... [.
... .. #bb#..#
b55..# #bb#.#
#5K#.#
######5@#.#
..........##
#######..b.#
...........####.#
#########.......#
##..#####
####..## #.#
#......### #.#
#.###....### #.#


You could see Pikel, 4 lemures and 6 bats.

Vanquished Creatures
  A wyvern (D:7)
  A water moccasin (D:5)
  An ice beast (D:6)
  2 black bears
  2 centaurs (D:6)
  A gnoll sergeant (D:6)
  A scorpion (D:5)
  A vampire bat (D:7)
  2 hounds
  2 jellies (D:5)
  An orc priest (D:4)
  An orc wizard (D:7)
  3 gnolls (D:6)
  6 adders
  A shadow imp (D:7)
  2 white imps (D:6)
  An ufetubus (D:5)
  A dart slug (D:1)
  4 worms
  15 orcs
  9 bats
  5 endoplasms
  4 giant cockroaches
  9 goblins
  9 hobgoblins
  2 jackals (D:5)
  9 kobolds
  6 quokkas
  7 ball pythons
  6 frilled lizards
  4 rats
119 creatures vanquished.

Notes
Turn   | Place    | Note
-------+----------+-------------------------------------------
     0 | D:1      | tizbic2 the Hill Orc Warper began the quest for the Orb.
     0 | D:1      | Reached XP level 1. HP: 18/18 MP: 3/3
   142 | D:1      | Reached skill level 3 in Axes
   244 | D:1      | Reached XP level 2. HP: 25/25 MP: 4/4
   686 | D:1      | Reached skill level 4 in Axes
   713 | D:2      | Reached XP level 3. HP: 31/31 MP: 5/5
   781 | D:2      | Found a faded altar of an unknown god.
   793 | D:2      | Prayed at the altar of an unknown god.
   793 | D:2      | Became a worshipper of Cheibriados the Contemplative
   793 | D:2      | Reached * piety under Cheibriados
  1147 | D:2      | Reached XP level 4. HP: 38/38 MP: 6/6
  1190 | D:2      | Reached ** piety under Cheibriados
  1191 | D:2      | Reached skill level 1 in Invocations
  1574 | D:3      | You fall into a shaft and drop 1 floor!
  1690 | D:4      | Found a hazy altar of Hepliaklqana.
  1790 | D:3      | Identified the +2 robe of Patom {rCorr Dex+2}
  1888 | D:3      | Reached skill level 5 in Axes
  2364 | D:3      | Reached XP level 5. HP: 41/46 MP: 7/7
  2500 | D:4      | HP: 1/46 [orc priest/+0 flail (3)]
  2505 | D:4      | Reached *** piety under Cheibriados
  2660 | D:4      | Found a blossoming altar of Fedhas.
  2841 | D:4      | Noticed a black bear
  2858 | D:4      | Killed a black bear
  2859 | D:4      | Reached skill level 6 in Axes
  2859 | D:4      | Reached XP level 6. HP: 32/52 MP: 8/8
  3187 | D:5      | Entered Level 5 of the Dungeon
  3226 | D:5      | Noticed a water moccasin
  3235 | D:5      | Killed a water moccasin
  3354 | D:5      | Reached XP level 7. HP: 60/60 MP: 9/9
  3372 | D:5      | Found a broken altar of Ashenzari.
  3426 | D:5      | Reached skill level 7 in Axes
  3605 | D:5      | Reached **** piety under Cheibriados
  3770 | D:5      | Found Zeus's Dragon-Slaying Spoils.
  3860 | D:6      | Found a staircase to the Ecumenical Temple.
  3882 | D:6      | Reached skill level 5 in Fighting
  4054 | D:6      | Reached skill level 8 in Axes
  4057 | D:6      | HP: 3/61 [gnoll sergeant/+0 spear (6)]
  4060 | Temple   | Entered the Ecumenical Temple
  4261 | D:6      | Reached XP level 8. HP: 16/69 MP: 11/11
  4696 | D:6      | Found an iron altar of Okawaru.
  4820 | D:7      | Found a large runed translucent door.
  4821 | D:7      | Found a large runed translucent door.
  4834 | D:7      | Noticed a wyvern
  4841 | D:7      | Killed a wyvern
  4842 | D:7      | Reached skill level 9 in Axes
  4842 | D:7      | Reached skill level 5 in Invocations
  4857 | D:7      | Found an ancient bone altar of Kikubaaqudgha.
  4864 | D:7      | Found a sparkling altar of Nemelex Xobeh.
  4890 | D:7      | Noticed Pikel
  4901 | D:7      | Slain by Pikel

Illustrated notes

Levels and vault maps discovered:
D:1:      shiori_arrival_maze, layout_basic, minmay_door_square
D:2:      layout_rooms, shapermc_ecumenical_altar_hornbeckon, nicolae_half_adder
D:3:      cheibrodos_greedy_goblins, layout_basic
D:4:      layout_gridville, fedhas_ov_isle_minmay, mainiacjoe_overflow_brackets
D:5:      layout_rooms, evilmike_ruin_ashenzari, nicolae_shop_dragon_depot
D:6:      layout_cave_pools, marbit_many_paths, okawaru_gym_becter,
          ebering_dispersal_statue_hall
D:7:      layout_basic, kennysheep_mini, jmf_multi_god_temple2, roderic_batcave,
          uniq_pikel, uniq_maggie
Temple:   oiseaux_autumnal_temple

Skill      XL: |  1  2  3  4  5  6  7  8 |
---------------+-------------------------+-----
Axes           | 3 4 5 6 8 9 |  9.1
Fighting       | 3 4 5 6 |  6.0
Invocations    | 1 2 3 4 5 |  5.3
Translocations | 3 4 |  4.0
Throwing       | |  0.8
Armour         | |  1.1
Dodging        | |  1.5
Spellcasting   | |  1.5

Action                     |  1- 3 |  4- 6 |  7- 9 || total
---------------------------+-------+-------+-------++-------
  Melee: Hand axe          |   125 |   181 |    23 ||   329
         Punch             |     1 |       |       ||     1
         Broad axe         |       |       |    50 ||    50
  Throw: Boomerang         |       |       |     1 ||     1
  Evoke: Wand              |       |     1 |       ||     1
    Use: Scroll            |     7 |     5 |     5 ||    17
         Potion            |       |     3 |       ||     3
 Armour: Leather armour    |    26 |       |       ||    26
         Ring mail         |    23 |    67 |       ||    90
         Plate armour      |       |    45 |    66 ||   111
         Skin              |       |     7 |       ||     7
  Dodge: Dodged            |    88 |   120 |    41 ||   249
